 Dungeon Sprint DCSS version 0.31-a0-662-g684573625c (webtiles) character file.

Game seed: 37221486881558405

177 rocky1 the Insei (level 5, -7/43 HPs)
             Began as a Djinni Shapeshifter on Aug 31, 2023.
             Was an Initiate of Gozag.
             Mangled by a two-headed ogre
             ... wielding a +0 giant club
              (12 damage)
             ... in the Dungeon (Sprint IX: "|||||||||||||||||||||||||||||").
             The game lasted 00:01:52 (414 turns).

rocky1 the Insei (Djinni Shapeshifter)               Turns: 414, Time: 00:01:53

Health: -7/43      AC:  9    Str: 13    XL:     5   Next: 87%
Gold:   0          EV:  9    Int: 15    God:    Gozag SH:  0 Dex: 14

rFire   + +          .
                       - Unarmed
rCold   x . .        (no shield)
rNeg    . . .        k - +1 chain mail
rPois   ∞            (helmet currently unavailable)
rElec   .            (cloak currently unavailable)
rCorr   .            (gloves currently unavailable)
SInv    .            (boots unavailable)
Will    .....        (no amulet) Stlth
                     l - +3 ring of intelligence
HPRegen 0.27/turn    m - +2 ring of evasion
MPRegen 0.00/turn

%: no teleportation, infuse magic (-8 HP)
@: beast-form, flying, invisible
A: beast (slay +3), flying, sickness immunity, fire resistance 2, cold
vulnerability 1, float, innate caster, HP casting, extra vitality 1
a: Begin Untransformation, Renounce Religion, Potion Petition, Call Merchant,
Bribe Branch


You were in the Dungeon.
You worshipped Gozag.
Gozag was noncommittal.
You were a hulking beast.
You visited 1 branch

Inventory:

Armour
 a - a +0 animal skin
 k - a +1 chain mail (worn)
Jewellery
 l - a +3 ring of intelligence (left hand)
 m - a +2 ring of evasion (right hand)
Talismans
 c - a beast talisman (active)
 d - a flux talisman
Wands
 j - a wand of light (7)
Scrolls
 i - a scroll of blinking
Potions
 b - a potion of lignification
 e - 5 potions of curing
 g - a potion of haste


   Skills:
 * Level 5.1 Fighting
 - Level 2.4 Dodging
 + Level 7.8 Unarmed Combat
 + Level 5.9 Shapeshifting


You knew the following spells:

 Your Spells              Type           Power      Damage    Failure   Level
a - Kiss of Death         Conj/Necr      0%         2d5       100%        1
b - Passwall              Tmut/Erth      0%         N/A       100%        2
Your spell library was empty.


Dungeon Overview and Level Annotations

Branches:
Dungeon (1/1)

Altars:
Cheibriados
Dithmenos
Elyvilon
Fedhas
Gozag
Hepliaklqana
Makhleb
Nemelex Xobeh
Okawaru
Qazlal
Ru
Trog
Uskayaw
Wu Jian
Xom
Yredelemnul
Zin
The Shining One
Jiyva
Lugonu


Innate Abilities, Weirdness & Mutations

You are a hulking beast.
Your limbs bulge with bestial killing power. (Slay +3)
You are flying.
You are immune to sickness and miasma.
You are immune to poison.
Your flesh is very heat resistant. (rF++)
You are vulnerable to cold. (rC-)
You float through the air rather than walking.
You learn spells naturally, not from books.
Your magical power is your life essence.
You have superior vitality. (+4 MHP)


Message History

The two-headed ogre closely misses you.
The two-headed ogre hits you with a +0 giant club!
You see here a +0 helmet.
You closely miss the two-headed ogre.
The two-headed ogre is heavily wounded.
The two-headed ogre barely misses you.
The two-headed ogre hits you with a +0 giant club!!
* * * LOW HITPOINT WARNING * * *
Okay, then.
Aiming: Bolt of Light
Press: ? - help, Shift-Dir - straight line, f/p - two-headed ogre
Aim: a two-headed ogre, wielding two +0 giant clubs (heavily wounded, blind, 86% to hit)
The bolt of light hits the two-headed ogre!
The two-headed ogre is severely wounded.
The bolt of light hits the yak!
The yak is moderately wounded.
The yak is blinded.
The bolt of light hits the two-headed ogre.
The two-headed ogre is lightly wounded.
The two-headed ogre is blinded.
The bolt of light misses the vampire mosquito.
The bolt of light hits the steam dragon.
The steam dragon is lightly wounded.
The steam dragon is blinded.
Unknown command.
Aiming: Bolt of Light
Press: ? - help, Shift-Dir - straight line, f/p - two-headed ogre
Aim: a two-headed ogre, wielding two +0 giant clubs (severely wounded, blind, 86% to hit)
The bolt of light hits the two-headed ogre!
The two-headed ogre is almost dead.
The bolt of light hits the yak!
The yak is heavily wounded.
The bolt of light hits the two-headed ogre.
The two-headed ogre is lightly wounded.
The bolt of light misses the vampire mosquito.
The bolt of light hits the steam dragon!
The steam dragon is moderately wounded.
The two-headed ogre hits you with a +0 giant club!
You die...
Your body crumbles into a pile of gold.

▓.▓
▓.▓
▓c▓
▓D▓
▓y▓
▓O▓
▓Y▓
▓O▓
▓h▓
▓[▓
▓.▓
▓)▓
▓?▓
▓!▓
▓'▓
▓_▓
▓_▓


You could see 2 two-headed ogres, a yak (blind), a steam dragon (blind), a
vampire mosquito (unable to see you) and a centaur (unable to see you).

Vanquished Creatures
  A scorpion (D)
  2 sleepcaps (D)
  2 iguanas (D)
  A giant cockroach (D)
  A hobgoblin (D)
  A jackal (D)
  A bat (D)
  A rat (D)
10 creatures vanquished.

Notes
Turn   | Place    | Note
-------+----------+-------------------------------------------
     0 | D        | rocky1 the Djinni Shapeshifter began the quest for the Orb.
     0 | D        | Reached XP level 1. HP: 17/17 MP: 0/0
    46 | D        | Noticed a scorpion
    46 | D        | Noticed a sleepcap
    46 | D        | Noticed an iguana
    46 | D        | Noticed a sleepcap
    46 | D        | Noticed an iguana
    51 | D        | Killed an iguana
    52 | D        | Reached skill level 4 in Unarmed Combat
    52 | D        | Reached XP level 2. HP: 24/24 MP: 0/0
    52 | D        | Reached XP level 3. HP: 29/29 MP: 0/0
    52 | D        | Learned a level 1 spell: Kiss of Death
    55 | D        | Reached skill level 5 in Unarmed Combat
    55 | D        | Reached XP level 4. HP: 35/35 MP: 0/0
    57 | D        | Reached skill level 6 in Unarmed Combat
    57 | D        | Reached skill level 5 in Shapeshifting
    62 | D        | Reached XP level 5. HP: 41/41 MP: 0/0
    62 | D        | Learned a level 2 spell: Passwall
    69 | D        | Reached skill level 5 in Fighting
    69 | D        | Reached skill level 7 in Unarmed Combat
   346 | D        | Found a snail-covered altar of Cheibriados.
   346 | D        | Found a shadowy altar of Dithmenos.
   346 | D        | Found a white marble altar of Elyvilon.
   346 | D        | Found a blossoming altar of Fedhas.
   346 | D        | Found an opulent altar of Gozag.
   347 | D        | Found a hazy altar of Hepliaklqana.
   348 | D        | Found a viscous altar of Jiyva.
   350 | D        | Found a corrupted altar of Lugonu.
   351 | D        | Found a burning altar of Makhleb.
   352 | D        | Found a sparkling altar of Nemelex Xobeh.
   353 | D        | Found an iron altar of Okawaru.
   354 | D        | Became a worshipper of Gozag Ym Sagoz the Greedy
   355 | D        | Found a stormy altar of Qazlal.
   356 | D        | Found a sacrificial altar of Ru.
   358 | D        | Found a bloodstained altar of Trog.
   359 | D        | Found a hide-covered altar of Uskayaw.
   361 | D        | Found an ornate altar of the Wu Jian Council.
   362 | D        | Found a shimmering altar of Xom.
   363 | D        | Found a basalt altar of Yredelemnul.
   364 | D        | Found a glowing silver altar of Zin.
   365 | D        | Found a glowing golden altar of the Shining One.
   402 | D        | Noticed a centaur
   402 | D        | Noticed a steam dragon
   402 | D        | Noticed a vampire mosquito
   402 | D        | Noticed a two-headed ogre
   402 | D        | Noticed a yak
   402 | D        | Noticed a two-headed ogre
   405 | D        | HP: 1/43 [two-headed ogre/+0 giant club (8)]
   414 | D        | Mangled by a two-headed ogre

Illustrated notes

Levels and vault maps discovered:
D:        linesprint [early_d, line_temple, items_1, d_10, items_2, lair_1,
          lair_end, items_3, orc_1, orc_end, items_4, d_15, swamp_1, shoals_1,
          snake_1, spider_1, d_20, vaults_1, items_5, swamp_end, shoals_end,
          snake_end, spider_end, vaults_end, d_27, items_6, zot_1, zot_end,
          crypt_end, forest_end, elf_end, slime_end, tomb_end, abyss_end,
          pan_hell_end]

Skill      XL: |  1  2  3  4  5 |
---------------+----------------+-----
Shapeshifting  | 4 5 |  5.9
Fighting       | 2 3 4 5 |  5.1
Unarmed Combat | 4 5 6 7 |  7.8
Dodging        | |  2.4

Action                     |  1- 3 |  4- 6 || total
---------------------------+-------+-------++-------
  Melee: Unarmed           |    18 |    15 ||    33
         Punch             |       |     1 ||     1
  Evoke: Wand              |       |     3 ||     3
    Use: Potion            |     2 |     3 ||     5
         Scroll            |       |     1 ||     1
 Armour: Animal skin       |     8 |    10 ||    18
         Chain mail        |       |     7 ||     7
  Dodge: Dodged            |     6 |     7 ||    13

Table legend: (Time is in decaauts)
 A = Elapsed time spent in this place.
 B = Non-inter-level travel time spent in this place.
 C = Inter-level travel time spent in this place.
 D = Time resting spent in this place.
 E = Time spent auto-exploring this place.
 F = Levels seen in this place.
 G = Mean time per level.
                   A        B        C        D        E       F      G
               +--------+--------+--------+--------+--------+-----+--------+
         Total |    424 |    424 |      0 |    312 |      0 |   1 |  424.0 |
       Dungeon |    424 |    424 |      0 |    312 |      0 |   1 |  424.0 |
               +--------+--------+--------+--------+--------+-----+--------+

Top non-repeatable levels by time:
       D: 424 daAuts
